 Dungeon Crawl Stone Soup version 0.27-a0-1084-g78b3836a5f (webtiles) character file.

Game seed: 16385109984818694537

63 tardwrangler69 the Poker (level 4, 0/52 HPs)
             Began as a Merfolk Gladiator on Apr 26, 2021.
             Succumbed to an adder's poison
             ... on level 1 of the Dungeon.
             The game lasted 00:02:27 (1659 turns).

tardwrangler69 the Poker (Merfolk Gladiator)        Turns: 1659, Time: 00:02:28

Health: 0/52       AC: 22    Str: 15    XL:     4   Next: 9%
Magic:  4/4        EV:  2    Int:  7    God:
Gold:   41         SH:  0    Dex: 15    Spells: 3/3 levels left

rFire    . . .     SeeInvis .   a - +0 trident
rCold    . . .     Faith    .   (no shield)
rNeg     + + +     Spirit   .   (armour currently unavailable)
rPois    +         Reflect  .   (helmet currently unavailable)
rElec    .         Harm     .   (cloak currently unavailable)
rCorr    .         Rampage  .   (gloves currently unavailable)
Will     .....     NoTele   +   (boots currently unavailable)
Stlth    +.........             (no amulet)
HPRegen  0.17/turn              (no ring)
MPRegen  0.09/turn              (no ring)

@: lethally poisoned (0 -> -1), tree-form, very slightly contaminated, hasted,
invisible, very quick
A: stationary, stasis, torment immunity, boosted hp, (nimble swimmer 2),
(mertail), (iridescent scales 1), (electricity resistance), wild magic 2
a: no special abilities


You were on level 1 of the Dungeon.
You were a tree.
You visited 1 branch of the dungeon, and saw 2 of its levels.

You collected 41 gold pieces.

Inventory:

Hand Weapons
 a - a +0 trident (weapon)
Missiles
 d - 2 throwing nets
 i - 25 poisoned darts (quivered)
 m - 5 atropa-tipped darts
Armour
 b - a +0 leather armour (melded)
 c - a +0 helmet (melded)
Scrolls
 e - a scroll of vulnerability {unknown}
 h - a scroll of teleportation {unknown}
 k - a scroll of enchant armour {unknown}
Potions
 n - 2 potions of mutation


   Skills:
 + Level 3.1 Fighting
 * Level 6.1 Polearms
 - Level 2.0 Throwing
 - Level 4.3 Dodging


You had 3 spell levels left.
You didn't know any spells.
Your spell library was empty.

Dungeon Overview and Level Annotations

Branches:
Dungeon (2/15)

Altars:


Innate Abilities, Weirdness & Mutations

You are a tree.
Your roots penetrate the ground, keeping you stationary.
You cannot be teleported.
You are immune to unholy pain and torment.
Your maximum health is greatly increased.
Your equipment is partially melded.
((You are quick and stealthy near water. (Stealth+, EV+, Speed+++)))
((Your lower body shifts to a powerful aquatic tail in water.))
((You are partially covered in iridescent scales. (AC +2)))
((You are resistant to electric shocks. (rElec)))
Your spells are harder to cast, but more powerful.


Message History

Iridescent scales grow over part of your body.
You feel less in control of your magic. x2
You feel sick. The adder closely misses you.
Okay, then.
Unknown command.
Unknown command.
It was a potion of invisibility.
You fade into invisibility!
You feel sick.
You are no longer poisoned.
The adder bites you but does no damage. The adder misses you.
You are very lightly contaminated with residual magic.
The adder bites you.
* * * LOW HITPOINT WARNING * * *
You are lethally poisoned!
The adder poisons you!
It was a potion of haste.
You feel yourself speed up.
* * * LOW HITPOINT WARNING * * *
You feel sick. The adder barely misses you.
It was a potion of lignification.
You turn into a tree.
Your +0 helmet melds into your body.
Your +0 leather armour melds into your body.
Your roots penetrate the ground.
* * * LOW HITPOINT WARNING * * *
You feel sick. The adder bites you but does no damage.
It was a potion of flight.
Your roots keep you in place.
* * * LOW HITPOINT WARNING * * *
You feel sick. The adder bites you but does no damage.
Unknown command.
Okay, then.
Unknown command.
Okay, then.
Unknown command.
You barely miss the adder. You barely miss the adder.
* * * LOW HITPOINT WARNING * * *
You feel sick. The adder bites you but does no damage.
You puncture the adder!
The adder is severely wounded.
You die...

#####..# #.# #
##.## #.#
#..##### ##.####
##.....###.....#
#####..##.....#
##..).>...#
####.....#
#.....# #.♣...#
#.S...# #...÷.#
#...>.# #######


You could see an adder.

Vanquished Creatures
  2 gnolls (D:2)
  2 dart slugs (D:1)
  6 ball pythons
  3 endoplasms
  2 goblins
  4 hobgoblins
  2 quokkas
  2 bats
  3 frilled lizards
  6 kobolds
  9 rats (D:1)
41 creatures vanquished.

Notes
Turn   | Place    | Note
-------+----------+-------------------------------------------
     0 | D:1      | tardwrangler69 the Merfolk Gladiator began the quest for
                  | the Orb.
     0 | D:1      | Reached XP level 1. HP: 16/16 MP: 1/1
    64 | D:1      | Reached XP level 2. HP: 23/23 MP: 2/2
   141 | D:1      | Reached skill level 5 in Polearms
   492 | D:1      | Reached XP level 3. HP: 27/28 MP: 3/3
  1420 | D:2      | Reached skill level 6 in Polearms
  1420 | D:2      | Reached XP level 4. HP: 35/35 MP: 4/4
  1500 | D:2      | Found a faded altar of an unknown god.
  1649 | D:1      | Gained mutation: You are resistant to electric shocks.
                  | (rElec) [potion of mutation]
  1649 | D:1      | Gained mutation: You are partially covered in iridescent
                  | scales. (AC +2) [potion of mutation]
  1649 | D:1      | Gained mutation: Your spells are a little harder to cast,
                  | but a little more powerful. [potion of mutation]
  1649 | D:1      | Gained mutation: Your spells are harder to cast, but more
                  | powerful. [potion of mutation]
  1656 | D:1      | HP: 2/52 [poisoned by an adder]
  1659 | D:1      | Succumbed to an adder's poison

Illustrated notes

Levels and vault maps discovered:
D:1:      psy_arrival_whirlpool, layout_rooms, corexii_leaking_fountain
D:2:      layout_basic, hellmonk_ecumenical_altar_inner_sanctum

Skill      XL: |  1  2  3 |
---------------+----------+-----
Polearms       | 5 6 |  6.1
Fighting       | 3 |  3.1
Throwing       | |  2.0
Dodging        | |  4.3

Action                   |  1- 3 |  4- 6 || total
-------------------------+-------+-------++-------
Melee: Trident           |   111 |    17 ||   128
Throw: Dart              |     6 |       ||     6
       Throwing net      |     1 |       ||     1
  Use: Potion            |       |     5 ||     5
Armor: Leather armour    |    26 |    16 ||    42
       Skin              |       |     3 ||     3
Dodge: Dodged            |    62 |    30 ||    92

Table legend: (Time is in decaauts)
 A = Elapsed time spent in this place.
 B = Non-inter-level travel time spent in this place.
 C = Inter-level travel time spent in this place.
 D = Time resting spent in this place.
 E = Time spent auto-exploring this place.
 F = Levels seen in this place.
 G = Mean time per level.
                   A        B        C        D        E       F      G
               +--------+--------+--------+--------+--------+-----+--------+
         Total |   1659 |   1618 |     41 |      0 |   1247 |   2 |  829.5 |
       Dungeon |   1659 |   1618 |     41 |      0 |   1247 |   2 |  829.5 |
               +--------+--------+--------+--------+--------+-----+--------+

Top non-repeatable levels by time:
     D:2: 887 daAuts
     D:1: 772 daAuts
